 Dungeon Crawl Stone Soup version 0.29-a0-322-g68df515428 (webtiles) character file.

Game seed: 13930970447228617588

18 101zpm the Skirmisher (level 2, -1/20 HPs)
             Began as a Gargoyle Fighter on Apr 8, 2022.
             Slain by a hobgoblin (3 damage)
             ... on level 3 of the Dungeon.
             The game lasted 00:00:42 (587 turns).

101zpm the Skirmisher (Gargoyle Fighter)             Turns: 587, Time: 00:00:43

Health: -1/20      AC:  9    Str: 19    XL:     2   Next: 70%
Magic:  2/2        EV:  9    Int:  8    God:
Gold:   52         SH:  4    Dex:  9    Spells: 1/1 levels left

rFire   . . .      SeeInvis .   a - +0 flail
rCold   . . .      Faith    .   c - +0 buckler
rNeg    + . .      Spirit   .   b - +0 scale mail
rPois   ∞          Reflect  .   (no helmet)
rElec   +          Harm     .   (no cloak)
rCorr   .          Rampage  .   (no gloves)
Will    .....                   (no boots)
Stlth   ..........              (no amulet)
HPRegen 0.06/turn               (no ring)
MPRegen 0.08/turn               (no ring)

@: no status effects
A: sickness immunity, AC +2, negative energy resistance 1, electricity
resistance, torment resistance 1, petrification resistance
a: no special abilities


You were on level 3 of the Dungeon.
You visited 1 branch of the dungeon, and saw 3 of its levels.

You collected 52 gold pieces.

Inventory:

Hand Weapons
 a - a +0 flail (weapon)
Armour
 b - a +0 scale mail (worn)
 c - a +0 buckler (worn)
Scrolls
 e - a scroll of identify {unknown}
 g - a scroll of fear {unknown}
Potions
 d - 2 potions of might
 f - a potion of curing {unknown}
 h - a potion of resistance {unknown}


   Skills:
 + Level 3.7 Fighting
 + Level 2.1 Maces & Flails
 + Level 3.6 Armour
 + Level 0.2 Dodging
 + Level 3.4 Shields


You had one spell level left.
You didn't know any spells.
Your spell library was empty.

Dungeon Overview and Level Annotations

Branches:
Dungeon (3/15)

Altars:


Innate Abilities, Weirdness & Mutations

You are immune to sickness and miasma.
Your stone body is resilient. (AC +2)
You are immune to poison.
You resist negative energy. (rN+)
You are resistant to electric shocks. (rElec)
You are resistant to unholy torment.
You are immune to petrification.


Message History

You are too injured to fight recklessly!
You are too injured to fight recklessly!
You hit the endoplasm.
The endoplasm is moderately wounded.
The endoplasm freezes you.
You are frozen.
You hit the endoplasm.
You kill the endoplasm!
Things that are here:
a +0 whip; a kobold corpse
h - a sedimented grey potion You see here a bat skeleton.
A sourceless malevolence fills the Dungeon...
You fall into a shaft and drop 1 floor!
The shaft crumbles and collapses.
A bat, 5 orcs and a hobgoblin come into view.
The orc shouts! x5; The hobgoblin shouts!
Found a scroll labelled UNLAXK HUOJE.
Found a stone staircase leading down.
You block the bat's attack. The hobgoblin hits you.
The orc hits you but does no damage. The orc attacks as you move away!
The orc hits you but does no damage. The orc attacks as you move away!
The orc hits you with a +0 mace. The bat hits you but does no damage.
The bat hits you but does no damage. You block the bat's attack.
The orc hits you with a +0 short sword. The bat barely misses you.
The orc attacks as you move away! The orc hits you with a +0 short sword.
The orc attacks as you move away! The orc hits you with a +0 mace!
* * * LOW HITPOINT WARNING * * *
The orc throws a boomerang.
The boomerang barely misses you.
Found a hunting sling.
The orc attacks as you move away! You block the orc's attack.
The bat closely misses you.
There is a stone staircase leading down here.
The bat hits you but does no damage. You block the hobgoblin's attack.
You climb downwards.
There is a stone staircase leading up here.
You closely miss the hobgoblin. The hobgoblin barely misses you.
You barely miss the hobgoblin. The hobgoblin hits you.
You die...

####### #
#.....#
##.#.....#
.........#
#..g..#
#...@.#
#######


You could see a hobgoblin.

Vanquished Creatures
  A ball python (D:1)
  4 endoplasms (D:1)
  A giant cockroach (D:1)
  2 goblins (D:1)
  5 bats (D:1)
  3 frilled lizards (D:1)
  A kobold (D:1)
  A rat (D:1)
18 creatures vanquished.

Notes
Turn   | Place    | Note
-------+----------+-------------------------------------------
     0 | D:1      | 101zpm the Gargoyle Fighter began the quest for the Orb.
     0 | D:1      | Reached XP level 1. HP: 14/14 MP: 1/1
    82 | D:1      | Reached XP level 2. HP: 15/20 MP: 2/2
   575 | D:1      | You fall into a shaft and drop 1 floor!
   587 | D:3      | Slain by a hobgoblin

Illustrated notes

Levels and vault maps discovered:
D:1:      psy_arrival_terrarium, layout_basic, minmay_pentomino_z4
D:2:      layout_rooms, chequers_ecumenical_altar_lobes, minmay_fountain_box,
          minivault_27
D:3:      layout_loops_cross

Action                   || total
-------------------------++-------
Melee: Flail             ||    74
Armor: Scale mail        ||    65
Dodge: Dodged            ||    61
Block: Buckler           ||    27

Table legend: (Time is in decaauts)
 A = Elapsed time spent in this place.
 B = Non-inter-level travel time spent in this place.
 C = Inter-level travel time spent in this place.
 D = Time resting spent in this place.
 E = Time spent auto-exploring this place.
 F = Levels seen in this place.
 G = Mean time per level.
                   A        B        C        D        E       F      G
               +--------+--------+--------+--------+--------+-----+--------+
         Total |    611 |    611 |      0 |      0 |    450 |   3 |  203.7 |
       Dungeon |    611 |    611 |      0 |      0 |    450 |   3 |  203.7 |
               +--------+--------+--------+--------+--------+-----+--------+

Top non-repeatable levels by time:
     D:1: 599 daAuts
     D:2: 9 daAuts
     D:3: 2 daAuts
